 Dungeon Crawl Stone Soup version 0.23.2 (webtiles) character file.

Game seed: 10413033632975975168

134 Kairos the Skirmisher (level 5, -7/43 HPs)
             Began as a Formicid Abyssal Knight on Apr 10, 2019.
             Was a Believer of Lugonu.
             Killed by divine providence
             ... invoked by an orc priest
              (12 damage)
             ... on level 3 of the Dungeon.
             The game lasted 00:03:56 (1944 turns).

Kairos the Skirmisher (Formicid Abyssal Knight)     Turns: 1944, Time: 00:03:56

Health: -7/43      AC: 11    Str: 22    XL:     5   Next: 40%
Magic:  6/6        EV:  6    Int: 12    God:    Lugonu [**....]
Gold:   221        SH:  5    Dex: 10    Spells: 4/4 levels left

rFire    . . .     SeeInvis +   a - +1 spear
rCold    . . .     Gourm    .   q - +0 buckler
rNeg     . . .     Faith    .   f - +0 plate armour
rPois    .         Spirit   .   (helmet unavailable)
rElec    .         Reflect  +   (no cloak)
rCorr    .         Harm     .   (no gloves)
MR       .....                  (no boots)
Stlth    ..........             o - +2 amulet of reflection
HPRegen  0.14/turn              u - +5 ring of strength
MPRegen  0.10/turn              (no ring)

@: no status effects
A: permanent stasis, dig shafts and tunnels, four strong arms, antennae 3
a: Dig, Shaft Self, Depart the Abyss, Bend Space, Renounce Religion


You were on level 3 of the Dungeon.
You worshipped Lugonu.
Lugonu was pleased with you.
You were very hungry.

You visited 1 branch of the dungeon, and saw 3 of its levels.
You visited the Abyss 1 time.

You collected 221 gold pieces.

Inventory:

Hand Weapons
 a - a +1 spear (weapon)
Missiles
 k - 57 sling bullets
Armour
 b - a +0 leather armour
 f - a +0 plate armour (worn)
 q - a +0 buckler (worn)
Jewellery
 h - an uncursed amulet of the gourmand
 o - a +2 amulet of reflection (around neck)
 u - a +5 ring of strength (left hand)
Scrolls
 d - 6 scrolls of identify
 e - a scroll of enchant weapon {unknown}
 g - a scroll of remove curse
 l - a scroll of amnesia {unknown}
 v - a scroll of blinking {unknown}
Potions
 m - 2 potions of invisibility {unknown}
 n - a potion of degeneration {unknown}
 p - a potion of lignification {unknown}
 r - a potion of flight {unknown}
 s - a potion of brilliance {unknown}
 t - a potion of ambrosia {unknown}
 w - 2 potions of haste {unknown}
Comestibles
 c - 3 rations


   Skills:
 + Level 4.6 Fighting
 + Level 3.4 Polearms
 + Level 3.1 Armour
 + Level 0.9 Dodging
 + Level 0.6 Shields
 + Level 2.3 Invocations


You had 4 spell levels left.
You didn't know any spells.
Your spell library was empty.

Dungeon Overview and Level Annotations

Branches:
Dungeon (3/15)

Altars:
Kikubaaqudgha
Qazlal


Innate Abilities, Weirdness & Mutations

You cannot be hasted, slowed, berserked, paralysed or teleported.
You can dig through walls and to a lower floor.
Your four strong arms can wield two-handed weapons with a shield.
You have a pair of large antennae on your head. (SInv)


Message History

The orc priest is severely wounded.
You block the orc priest's attack.
You hit the orc priest.
The orc priest is almost dead.
The orc priest closely misses you.
You barely miss the orc priest.
The orc priest is almost dead.
You hit the orc priest but do no damage.
The orc priest is almost dead.
The orc priest hits you with a +0 flail.
Your plate armour prevents you from hitting the orc priest.
The orc priest is almost dead.
The orc priest calls down the wrath of Beogh upon you.
Beogh smites you!
* * * LOW HITPOINT WARNING * * *
You closely miss the orc priest.
The orc priest is almost dead.
The orc priest invokes the aid of Beogh against you.
Beogh smites you!
You die...

##'## ##...## ##
##.....## ...
#.......## ..#
#.........####o..##
+.........'{{.o....
#.........#{##o..##
##.......###o# .#
##.....###@##
##...## ### ##+#


You could see an orc priest.

Vanquished Creatures
  A hound zombie (D:3)
  A hound skeleton (D:3)
  2 adders
  3 adder skeletons (D:3)
  A worm (D:2)
  2 dart slugs
  2 leopard geckos (D:3)
  An orc (D:3)
  7 bats
  5 giant cockroaches
  9 goblins
  10 hobgoblins
  7 jackals
  2 quokkas (D:2)
  2 ball python zombies (D:3)
  A frilled lizard (D:2)
  A jackal skeleton (D:2)
  3 kobolds
  A leopard gecko zombie (D:3)
  A quokka skeleton (D:3)
  8 rats
70 creatures vanquished.

Notes
Turn   | Place    | Note
-------+----------+-------------------------------------------
     0 | Abyss:1  | Kairos the Formicid Abyssal Knight began the quest for the
                  | Orb.
     0 | Abyss:1  | Reached XP level 1. HP: 18/18 MP: 2/2
    86 | Abyss:2  | Noticed an ancient zyme
   169 | Abyss:2  | Noticed a quasit
   170 | Abyss:2  | Noticed an apocalypse crab
   188 | D:1      | Escaped the Abyss
   333 | D:1      | Reached XP level 2. HP: 24/25 MP: 3/3
   574 | D:1      | Reached * piety under Lugonu
   618 | D:1      | Reached skill level 4 in Fighting
   622 | D:1      | Reached XP level 3. HP: 25/30 MP: 4/4
  1173 | D:2      | Found a stormy altar of Qazlal.
  1277 | D:2      | Reached XP level 4. HP: 31/38 MP: 5/5
  1282 | D:2      | Reached ** piety under Lugonu
  1385 | D:2      | Found an ancient bone altar of Kikubaaqudgha.
  1603 | D:3      | Reached XP level 5. HP: 43/43 MP: 6/6
  1932 | D:3      | HP: 2/43 [orc priest/divine providence (14)]
  1944 | D:3      | Killed from afar by an orc priest

Skill      XL: |  1  2  3  4  5 |
---------------+----------------+-----
Fighting       | 4 |  4.6
Polearms       | 3 |  3.4
Armour         | 3 |  3.1
Dodging        | |  0.9
Shields        | |  0.6
Invocations    | |  2.3

Action                   |  1- 3 |  4- 6 || total
-------------------------+-------+-------++-------
Melee: Spear             |   140 |   172 ||   312
Invok: Depart the Abyss  |     1 |       ||     1
 Abil: Dig               |     4 |     1 ||     5
  Use: Scroll            |     4 |     1 ||     5
       Potion            |       |     2 ||     2
  Eat: Chunk             |     1 |     2 ||     3
Armor: Plate armour      |    70 |   100 ||   170
Dodge: Dodged            |    30 |    31 ||    61
Block: Other             |     7 |       ||     7
       Buckler           |     5 |    28 ||    33
